 Dungeon Crawl Stone Soup version 0.29.1-15-g9cfb28693d (webtiles) character file.

Game seed: 4996930930443408204

1181 EarthwalkerPL the Covered (level 8, -23/73 HPs)
             Began as a Minotaur Fighter on Apr 9, 2023.
             Annihilated by a komodo dragon (27 damage)
             ... on level 6 of the Dungeon.
             The game lasted 00:06:13 (5723 turns).

EarthwalkerPL the Covered (Minotaur Fighter)        Turns: 5723, Time: 00:06:13

Health: -23/73     AC:  9    Str: 23    XL:     8   Next: 19%
Magic:  7/7        EV:  9    Int:  5    God:
Gold:   312        SH: 11    Dex: 16    Spells: 7/7 levels left

rFire   . . .      SeeInvis .   a - +0 war axe
rCold   . . .      Faith    .   c - +0 buckler
rNeg    . . .      Spirit   .   b - +0 scale mail
rPois   .          Reflect  +   (helmet restricted)
rElec   .          Harm     .   (no cloak)
rCorr   .          Rampage  .   (no gloves)
Will    .....                   A - +0 pair of boots
Stlth   ..........              w - amulet of reflection
HPRegen 0.22/turn               C - +4 ring of slaying
MPRegen 0.10/turn               E - +6 ring of dexterity

@: no status effects
A: horns 2, retaliatory headbutt
a: no special abilities


You were on level 6 of the Dungeon.
You visited 1 branch of the dungeon, and saw 6 of its levels.

You collected 312 gold pieces.

Inventory:

Hand Weapons
 a - a +0 war axe (weapon)
Missiles
 u - 7 poisoned darts (quivered)
Armour
 b - a +0 scale mail (worn)
 c - a +0 buckler (worn)
 A - a +0 pair of boots (worn)
Jewellery
 h - a ring of flight
 v - a ring of magical power
 w - an amulet of reflection (around neck)
 C - a +4 ring of slaying (left hand)
 E - a +6 ring of dexterity (right hand)
Wands
 D - a wand of paralysis (12)
Scrolls
 e - a scroll of magic mapping {unknown}
 g - 5 scrolls of identify {unknown}
 k - 3 scrolls of teleportation {unknown}
 o - 3 scrolls of amnesia {unknown}
 p - a scroll of enchant armour {unknown}
 r - 2 scrolls of immolation {unknown}
 t - 2 scrolls of enchant weapon {unknown}
 y - a scroll of fog {unknown}
 B - a scroll of vulnerability {unknown}
Potions
 d - a potion of might
 f - 5 potions of curing {unknown}
 i - 4 potions of heal wounds {unknown}
 j - 2 potions of flight {unknown}
 l - a potion of magic {unknown}
 n - a potion of cancellation {unknown}
 q - a potion of lignification {unknown}
 s - a potion of haste {unknown}
 x - a potion of attraction {unknown}
 z - a potion of mutation {unknown}


   Skills:
 * Level 7.1 Fighting
 * Level 6.7 Axes
 * Level 7.2 Armour
 + Level 5.7 Shields


You had 7 spell levels left.
You didn't know any spells.
Your spell library contained the following spells:

 Spells                   Type           Power      Damage    Failure   Level
 Magic Dart               Conj           0%         1d3       83%         1
 Call Imp                 Summ           0%         N/A       93%         2
 Ensorcelled Hibernation  Hex/Ice        0%         N/A       93%         2
 Poisonous Vapours        Pois/Air       0%         N/A       93%         2
 Scorch                   Fire           0%         2d5       93%         2
 Mephitic Cloud           Conj/Pois/Air  0%         N/A       99%         3
 Spider Form              Tmut/Pois      0%         N/A       99%         3
 Anguish                  Hex/Necr       0%         N/A       100%        4
 Corpse Rot               Necr/Pois/Air  0%         N/A       100%        4
 Flame Wave               Conj/Fire      0%         2d4       100%        4
 Summon Cactus Giant      Summ           0%         N/A       100%        6


Dungeon Overview and Level Annotations

Branches:
Dungeon (6/15)
 Temple: D:4-7

Altars:
Fedhas
Kikubaaqudgha
Zin
The Shining One


Innate Abilities, Weirdness & Mutations

You have a pair of horns on your head.
You reflexively headbutt those who attack you in melee.


Message History

C - a +4 ring of slaying (left hand)
u - 8 poisoned darts (gained 6)
A komodo dragon is nearby!
You throw a javelin.
The javelin closely misses the komodo dragon.
The komodo dragon hisses angrily.
You throw a javelin.
The javelin pierces through the komodo dragon.
The komodo dragon is lightly wounded.
You throw a javelin.
The javelin pierces through the komodo dragon but does no damage.
The komodo dragon is lightly wounded.
You throw a poisoned dart.
The poisoned dart barely misses the komodo dragon.
You closely miss the komodo dragon. Your headbutt misses the komodo dragon.
The komodo dragon is lightly wounded.
The komodo dragon bites you!
You slash the komodo dragon!
The komodo dragon is moderately wounded.
The komodo dragon bites you but does no damage.
You hit the komodo dragon but do no damage.
Your headbutt misses the komodo dragon.
The komodo dragon is moderately wounded.
The komodo dragon bites you!!
You are too injured to fight recklessly!
You are too injured to fight recklessly!
Unknown command.
You barely miss the komodo dragon. You headbutt the komodo dragon!
The komodo dragon is heavily wounded.
The komodo dragon bites you! x2
* * * LOW HITPOINT WARNING * * *
You slash the komodo dragon!
The komodo dragon is severely wounded.
The komodo dragon bites you!
* * * LOW HITPOINT WARNING * * *
You hit the komodo dragon but do no damage.
You headbutt the komodo dragon.
The komodo dragon is severely wounded.
The komodo dragon bites you!!
You die...

##############
######@l.....(....#####
#......####..(.........
#.###### #.###...l....
#.# #.# #.#.##### #.#
#.# #.#.##### #.# ..#
......... #.#
####..#..##.. #.#
#..##.##.. #.# # #..#
.###.


You could see a komodo dragon.

Vanquished Creatures
  Sigmund (D:4)
  3 black bears
  A scorpion (D:5)
  A necrophage (D:5)
  3 hounds (D:5)
  A jelly (D:4)
  2 orc priests (D:6)
  3 iguanas
  3 orc wizards
  3 adders
  7 gnolls
  3 shadow imps (D:5)
  A white imp (D:6)
  3 ufetubi (D:5)
  3 worms
  4 dart slugs
  33 orcs
  3 bats
  4 endoplasms
  5 giant cockroaches
  4 goblins
  8 hobgoblins
  6 kobolds
  3 quokkas
  12 ball pythons
  7 frilled lizards
  7 rats
134 creatures vanquished.

Vanquished Creatures (others)
  6 plants (D:4)
6 creatures vanquished.

Grand Total: 140 creatures vanquished

Notes
Turn   | Place    | Note
-------+----------+-------------------------------------------
     0 | D:1      | EarthwalkerPL the Minotaur Fighter began the quest for the
                  | Orb.
     0 | D:1      | Reached XP level 1. HP: 19/19 MP: 0/0
    21 | D:1      | Reached XP level 2. HP: 24/27 MP: 1/1
   228 | D:1      | Found a faded altar of an unknown god.
   407 | D:1      | Reached XP level 3. HP: 33/33 MP: 2/2
   676 | D:2      | Found a glowing golden altar of the Shining One.
  1391 | D:3      | Reached XP level 4. HP: 41/41 MP: 3/3
  1691 | D:4      | Noticed Sigmund
  1700 | D:4      | Killed Sigmund
  1701 | D:4      | Reached skill level 5 in Fighting
  1701 | D:4      | Reached skill level 5 in Armour
  1701 | D:4      | Reached XP level 5. HP: 27/48 MP: 4/4
  1846 | D:4      | Reached XP level 6. HP: 51/56 MP: 5/5
  2157 | D:4      | Found an ancient bone altar of Kikubaaqudgha.
  2294 | D:4      | You are sucked into a shaft and drop 1 floor!
  2294 | D:5      | Entered Level 5 of the Dungeon
  2487 | D:4      | Reached skill level 5 in Axes
  2857 | D:5      | Reached XP level 7. HP: 61/62 MP: 6/6
  2907 | D:5      | Reached skill level 5 in Shields
  4786 | D:6      | Reached XP level 8. HP: 51/71 MP: 7/7
  4916 | D:6      | Noticed a komodo dragon
  5335 | D:6      | Found a glowing silver altar of Zin.
  5335 | D:6      | Noticed an angel
  5446 | D:6      | Found a blossoming altar of Fedhas.
  5722 | D:6      | HP: 3/73 [komodo dragon (15)]
  5723 | D:6      | Annihilated by a komodo dragon

Illustrated notes

Levels and vault maps discovered:
D:1:      dpeg_arrival_rooms_with_view, layout_rooms,
          nicolae_ecumenical_snake_handling
D:2:      layout_rooms, basic_altar
D:3:      layout_loops_cross
D:4:      black_bear_nest_2, layout_rooms, mainiacjoe_overflow_boulevard,
          uniq_sigmund
D:5:      layout_layer_cave, grunt_decor_fettered
D:6:      layout_loops_ring, fedhas_altar_decomposition, zin_angel

Skill      XL: |  1  2  3  4  5  6  7  8 |
---------------+-------------------------+-----
Axes           | 3 4 5 6 |  6.7
Fighting       | 4 5 6 7 |  7.1
Armour         | 4 5 6 7 |  7.2
Shields        | 4 5 |  5.7

Action                   |  1- 3 |  4- 6 |  7- 9 || total
-------------------------+-------+-------+-------++-------
Melee: War axe           |    66 |    96 |   128 ||   290
       Headbutt          |     9 |    14 |    18 ||    41
Throw: Javelin           |       |     3 |     3 ||     6
       Dart              |       |     2 |     1 ||     3
Armor: Scale mail        |    45 |    38 |    67 ||   150
Dodge: Dodged            |    39 |    43 |    57 ||   139
Block: Buckler           |    17 |    24 |    31 ||    72
